 Dungeon Crawl Stone Soup version 0.18.1-5-g4a78601 (webtiles) character file.

56 Scarto the Skirmisher (level 3, -2/29 HPs)
             Began as a Demonspawn Fighter on May 13, 2016.
             Slain by a hippogriff (4 damage)
             ... on level 3 of the Dungeon.
             The game lasted 00:03:23 (1802 turns).

Scarto the Skirmisher (Demonspawn Fighter)          Turns: 1802, Time: 00:03:24

Health: -2/29      AC:  6    Str: 22    XL:     3   Next: 71%
Magic:  3/3        EV:  7    Int:  9    God:
Gold:   74         SH:  9    Dex: 12    Spells: 0 memorised, 2 levels left

rFire  . . .     SeeInvis .     a - +0 war axe
rCold  . . .     Gourm    .     b - +0 scale mail
rNeg   . . .     Faith    .     c - +0 shield
rPois  .         Spirit   .     (helmet restricted)
rElec  .         Dismiss  .     (no cloak)
rCorr  .         Reflect  .     (no gloves)
SustAt .         Harm     .     (no boots)
MR     .....                    (no amulet)
Stlth  ..........               (no ring)
                                (no ring)

@: mighty, not resistant to hostile enchantments, extremely unstealthy
A: horns 1
a: no special abilities


You were on level 3 of the Dungeon.
You were very hungry.

You visited 1 branch of the dungeon, and saw 3 of its levels.

You collected 74 gold pieces.

Inventory:

Hand Weapons
 a - a +0 war axe (weapon)
Missiles
 q - 8 javelins (quivered)
Armour
 b - a +0 scale mail (worn)
 c - a +0 shield (worn)
Scrolls
 e - a scroll of amnesia {unknown}
 g - 3 scrolls of identify {unknown}
 h - a scroll of enchant armour {unknown}
 i - 3 scrolls of teleportation {unknown}
 j - a scroll of remove curse {unknown}
 n - a scroll of immolation {unknown}
 o - a scroll of fear {unknown}
 r - a scroll of fog {unknown}
 s - 3 scrolls of recharging {unknown}
Potions
 d - a potion of might
 l - a potion of heal wounds {unknown}
 m - a potion of curing {unknown}
Comestibles
 f - a bread ration
 k - 2 slices of pizza
 p - 2 meat rations
 t - a beef jerky


   Skills:
 + Level 3.6 Fighting
 + Level 2.1 Axes
 + Level 3.2 Armour
 + Level 3.1 Shields


You had 2 spell levels left.
You didn't know any spells.

Dungeon Overview and Level Annotations

Branches:
Dungeon (3/15)

Altars:


Innate Abilities, Weirdness & Mutations

You have a pair of small horns on your head.


Message History

The hippogriff screeches!
Found a stone staircase leading down.
There is a stone staircase leading up here.
You hit the hippogriff. You headbutt the hippogriff!
The hippogriff is moderately wounded.
You are feeling very hungry.
The hippogriff bites you. The hippogriff barely misses you.
You block the hippogriff's attack.
You hit the hippogriff.
The hippogriff is moderately wounded.
The hippogriff bites you. The hippogriff completely misses you.
The hippogriff claws you. The hippogriff closely misses you.
The hippogriff pecks you. The hippogriff claws you.
Sorry, you're not good enough to have a special ability.
Drink which item? (? for menu, Esc to quit)
You feel very mighty all of a sudden. The hippogriff bites you!
* * * LOW HITPOINT WARNING * * *
The hippogriff pecks you.
You die...

#...........
#...........#
#...........#
#...........#
#...........#
#...........#
#....>......#
#..H@.......#
#....<......#
#............
#............
#............
###..........
#.###..#...
.. ..#... ...
#.# ..


You could see a hippogriff.

Vanquished Creatures
  An adder (D:2)
  A worm (D:2)
  A giant gecko (D:1)
  2 bats
  4 giant cockroaches
  7 goblins
  6 hobgoblins
  2 jackals (D:2)
  2 quokkas (D:2)
  A ball python (D:1)
  4 giant newts
  4 kobolds
  5 rats
40 creatures vanquished.

Notes
Turn   | Place    | Note
--------------------------------------------------------------
     0 | D:1      | Scarto the Demonspawn Fighter began the quest for the Orb.
     0 | D:1      | Reached XP level 1. HP: 18/18 MP: 1/1
   276 | D:1      | Gained mutation: You have a pair of small horns on your head. [demonic ancestry]
   276 | D:1      | Reached XP level 2. HP: 20/24 MP: 2/2
  1180 | D:2      | Reached XP level 3. HP: 29/29 MP: 3/3
  1798 | D:3      | Noticed a hippogriff
  1802 | D:3      | Slain by a hippogriff

Skill      XL: |  1  2 |
---------------+-------+-----
Shields        | 3 |  3.1
Axes           | 2 |  2.1
Armour         | 3 |  3.2
Fighting       | |  3.6

Action                   || total
-------------------------++-------
Melee: War axe           ||   119
       Headbutt          ||     9
  Use: Potion            ||     1
  Eat: Chunk             ||     2
Armor: Scale mail        ||    57
Dodge: Dodged            ||    29
Block: Shield            ||    59
